 Dungeon Crawl Stone Soup version 0.29-a0-284-gf9362112df (webtiles) character file.

Game seed: 1585274334311968602

13 spaghetti the Skirmisher (level 2, -2/22 HPs)
             Began as an Octopode Chaos Knight on Mar 20, 2022.
             Was a Plaything of Xom.
             Slain by a jackal (3 damage)
             ... on level 1 of the Dungeon.
             The game lasted 00:01:26 (483 turns).

spaghetti the Skirmisher (Octopode Chaos Knight)     Turns: 483, Time: 00:01:27

Health: -2/22      AC:  1    Str: 11    XL:     2   Next: 37%
Magic:  2/2        EV: 13    Int: 14    God:    Xom [..*...]
Gold:   0          SH:  0    Dex: 11    Spells: 1/1 levels left

rFire   . . .      SeeInvis .   a - +0 falchion (chaos) {long}
rCold   . . .      Faith    .   (no shield)
rNeg    . . .      Spirit   .   (helmet restricted)
rPois   .          Reflect  .   (no amulet)
rElec   .          Harm     .   (no ring)
rCorr   .          Rampage  .   (no ring)
Will    .....                   (no ring)
Stlth   ++........              (no ring)
HPRegen 0.07/turn               (no ring)
MPRegen 0.08/turn               (no ring)
                                (no ring)
                                (no ring)

@: no status effects
A: almost no armour, amphibious, 8 rings, camouflage 1, gelatinous body 1,
(nimble swimmer 1), tentacles
a: Renounce Religion


You were on level 1 of the Dungeon.
You worshipped Xom.
You were a toy of Xom.
You visited 1 branch of the dungeon, and saw 1 of its levels.


Innate Abilities, Weirdness & Mutations

You cannot wear most types of armour.
You are amphibious.
You can wear up to eight rings at the same time.
Your skin changes colour to match your surroundings (Stealth+).
Your rubbery body absorbs attacks. (AC +1, EV +1)
((You are camouflaged when in or above water. (Stealth+)))
You have tentacles for arms and can constrict up to eight enemies at once.


   Skills:
 + Level 3.7 Fighting
 - Level 3.0 Long Blades
 - Level 2.3 Dodging


You had one spell level left.
You didn't know any spells.
Your spell library contained the following spells:

 Spells                   Type           Power      Damage    Failure   Level
 Blink                    Tloc           0%         N/A       41%         2
 Manifold Assault         Tloc           0%         N/A       100%        5
 Storm Form               Tmut/Air       0%         N/A       100%        7

Inventory:

Hand Weapons
 a - a +0 falchion of chaos (weapon) {long}
Missiles
 c - 39 stones {throwing}
 f - 2 poisoned darts {throwing}
Potions
 d - a potion of attraction {unknown}
 e - a potion of curing {unknown}
Miscellaneous
 b - a piece from Xom's chessboard (14/15) (quivered)

Dungeon Overview and Level Annotations

Branches:
Dungeon (1/15)

Altars:

#.# #.# .. ##.###
..... ....# ....
#.#.# ....###.#.#
≈≈≈≈........h..###
§§≈≈≈≈.....)@....#
§≈≈≈....#.#....#.#.
§≈......#.#.#......#
≈.......#......#.###
........###.##.#.#
........###.##.#.#
...............#.# #
..##.######.####.# #
........##.####.## #


You could see a jackal.


Message History

😨 HP[-5]
You take 5 damage, and now have 7/16 hp.
MASSIVE DAMAGE!! (PAUSE)
You hit the kobold. Your grab misses the kobold. You squeeze the kobold.
You kill the kobold!
Things that are here:
a +0 club {mace}; a +0 club {mace}; a kobold corpse The dart slug completely misses you.
You slash the dart slug! You grab the dart slug. You constrict the dart slug.
You hit the dart slug. You burn the dart slug.
You kill the dart slug!
You have reached level 2! 😨 HP[+3] MP[+1]
You now have 21 max hp (+5).
You regained 3 hp, and now have 10/21 hp.
Your mp is fully restored (2).
You start resting.
Xom snickers.
Your piece from Xom's chessboard (14/15) falls out of your pack, then immediately jumps back in!
You start resting. 😎 HP[+11]
Your hp is fully restored (21).
c - 20 stones {throwing} Key pressed, stopping explore.
Key pressed, stopping explore.
Found a stone staircase leading down.
There is a stone staircase leading down here.
A goblin comes into view. It is wielding a +0 club.
A goblin is nearby!
The helpless goblin fails to defend itself.
You hit the goblin.
You kill the goblin!
Things that are here:
a +0 club {mace}; a goblin corpse A bat comes into view.
The bat completely misses you.
A bat is nearby!
You miss the bat. Your grab misses the bat. The bat barely misses you.
You hit the bat. You burn the bat.
You kill the bat!
Things that are here:
a +0 club {mace}; a goblin corpse A rat comes into view.
The helpless rat fails to defend itself.
You hit the rat. You freeze the rat.
You kill the rat!
d - a fizzy silvery potion
e - a red potion
c - 39 stones {throwing} (gained 19)
A goblin comes into view. It is wielding a +0 dagger.
The goblin shouts!
You hear a bark!
A jackal comes into view.
You see here 2 poisoned darts {throwing}.
f - 2 poisoned darts {throwing}
There are no items here.
The goblin hits you with a +0 dagger. 😕 HP[-4]
You take 4 damage, and now have 17/21 hp.
You barely miss the goblin. Your grab misses the goblin.
Xom makes a sudden noise!
You hear an angry hiss.
You hear a bark!
You hear a shout!
The goblin hits you with a +0 dagger. x2 😮 HP[-6]
You take 6 damage, and now have 11/21 hp.
MASSIVE DAMAGE!! (PAUSE)
You hit the goblin.
The goblin seems to grow stronger.
Your grab misses the goblin. The jackal bites you.
* * * LOW HITPOINT WARNING * * *
The goblin barely misses you. The jackal closely misses you. 😨 HP[-2]
You take 2 damage, and now have 9/21 hp.
Unknown command.
You barely miss the goblin. You grab the goblin. You constrict the goblin.
A jackal comes into view.
The jackal bites you.
* * * LOW HITPOINT WARNING * * *
The goblin hits you with a +0 dagger.
* * * LOW HITPOINT WARNING * * *
😱 HP[-5]
You take 5 damage, and now have 4/21 hp.
MASSIVE DAMAGE!! (PAUSE)
You hit the goblin.
The goblin seems to speed up.
Xom is amused.
You constrict the goblin.
You kill the goblin!
The jackal closely misses you.
The jackal bites you but does no damage.
You now have 22 max hp (+1).
You hit the jackal.
You kill the jackal!
The jackal bites you.
* * * LOW HITPOINT WARNING * * *
😱 HP[-3]
You take 3 damage, and now have 1/22 hp.
Okay, then.
You barely miss the jackal. You grab the jackal.
You constrict the jackal, but do no damage.
The jackal bites you.
You die...

Action                   || total
-------------------------++-------
Melee: Falchion          ||    23
       Constrict         ||     6
       Tentacles         ||     4
Evoke: Piece from Xom's  ||     1
 Stab: Petrifying        ||     1
       Sleeping          ||     2
Armor: Skin              ||     2
Dodge: Dodged            ||    16

Levels and vault maps discovered:
D:1:      minmay_arrival_stair_chambers, layout_loops_ring,
          hangedman_glass_teeth, lemuel_old_faithful

Notes
Turn   | Place    | Note
-------+----------+-------------------------------------------
     0 | D:1      | spaghetti the Octopode Chaos Knight began the quest for the
                  | Orb.
     0 | D:1      | Reached XP level 1. HP: 16/16 MP: 1/1
     0 | D:1      | magus.rc [v1.9.6]
    15 | D:1      | You add the spells Blink, Manifold Assault and Storm Form
                  | to your library.
   151 | D:1      | Reached XP level 2. HP: 10/21 MP: 2/2
   163 | D:1      | XOM: silly message
   478 | D:1      | XOM: noise
   480 | D:1      | HP: 4/21 [goblin/+0 dagger (4)]
   482 | D:1      | HP: 1/22 [jackal (3)]
   483 | D:1      | Slain by a jackal

Vanquished Creatures
  A dart slug (D:1)
  3 goblins (D:1)
  A jackal (D:1)
  A kobold (D:1)
  A bat (D:1)
  4 rats (D:1)
11 creatures vanquished.

Table legend:
 A = Non-vault XP
 B = Vault XP
 C = Vault XP percentage of total XP
 D = Non-vault monster count
 E = Vault monster count
 F = Vault count percentage of total count
                 A         B        C        D         E       F
            +---------+---------+-------+---------+---------+-------
      Total |      19 |       0 |   0.0 |      11 |       0 |   0.0
            +---------+---------+-------+---------+---------+-------
        D:1 |      19 |       0 |   0.0 |      11 |       0 |   0.0
            +---------+---------+-------+---------+---------+-------

Illustrated notes

Table legend:
 A = Kills in this place as a percentage of kills in entire the game.
 B = Kills by you in this place as a percentage of kills by you in the entire game.
 C = Kills by friends in this place as a percentage of kills by friends in the entire game.
 D = Other kills in this place as a percentage of other kills in the entire game.
 E = Experience gained in this place as a percentage of experience gained in the entire game.
 F = Experience gained in this place divided by the number of levels of this place that you have seen.
                   A       B       C       D       E      F
               +-------+-------+-------+-------+-------+----------------------
         Total | 100.0 | 100.0 |   N/A |   N/A | 100.0 |  19.0
       Dungeon | 100.0 | 100.0 |   N/A |   N/A | 100.0 |  19.0
               +-------+-------+-------+-------+-------+----------------------

Table legend: (Time is in decaauts)
 A = Elapsed time spent in this place.
 B = Non-inter-level travel time spent in this place.
 C = Inter-level travel time spent in this place.
 D = Time resting spent in this place.
 E = Time spent auto-exploring this place.
 F = Levels seen in this place.
 G = Mean time per level.
                   A        B        C        D        E       F      G
               +--------+--------+--------+--------+--------+-----+--------+
         Total |    486 |    486 |      0 |    157 |    262 |   1 |  486.0 |
       Dungeon |    486 |    486 |      0 |    157 |    262 |   1 |  486.0 |
               +--------+--------+--------+--------+--------+-----+--------+

Top non-repeatable levels by time:
     D:1: 486 daAuts
